 Dungeon Crawl Stone Soup version 0.25-a0-458-g6fc7858b95 (webtiles) character file.

Game seed: 4727440134159559580, levelgen mode: deterministic

8 funkygono the Conjurer (level 2, -1/20 HPs)
             Began as a Draconian Conjurer on Feb 1, 2020.
             Slain by a kobold
             ... wielding a +0 club
              (3 damage)
             ... on level 1 of the Dungeon.
             The game lasted 00:01:25 (194 turns).

funkygono the Conjurer (Draconian Conjurer)          Turns: 194, Time: 00:01:26

Health: -1/20      AC:  4    Str: 10    XL:     2   Next: 0%
Magic:  5/5        EV:  9    Int: 15    God:
Gold:   25         SH:  0    Dex: 11    Spells: 4/5 levels left

rFire    . . .     SeeInvis .   (no weapon)
rCold    . . .     Gourm    .   (no shield)
rNeg     . . .     Faith    .   (armour unavailable)
rPois    .         Spirit   .   (helmet restricted)
rElec    .         Reflect  .   (no cloak)
rCorr    .         Harm     .   (no gloves)
MR       .....                  (no boots)
Stlth    ++........             (no amulet)
HPRegen  0.06/turn              (no ring)
MPRegen  0.09/turn              (no ring)

@: constricted
A: unfitting armour, cold-blooded, AC +4
a: no special abilities


You were on level 1 of the Dungeon.
You were not hungry.

You visited 1 branch of the dungeon, and saw 1 of its levels.

You collected 25 gold pieces.

Inventory:

Scrolls
 c - a scroll of teleportation {unknown}
Comestibles
 a - 5 chunks of flesh
 b - 3 rations


   Skills:
 + Level 1.9 Dodging
 + Level 2.1 Stealth
 + Level 2.1 Spellcasting
 + Level 4.1 Conjurations


You had 4 spell levels left.
You knew the following spells:

 Your Spells              Type           Power        Failure   Level  Hunger
a - Magic Dart            Conj           ##..         4%          1    #......

Your spell library contained the following spells:

 Spells                   Type           Power        Failure   Level  Hunger
 Searing Ray              Conj           ##....       6%          2    ###....
 Dazzling Flash           Conj/Hex       #.....       28%         3    ###....
 Fulminant Prism          Conj/Hex       #.........   67%         4    #####..
 Iskenderun's Mystic Bla  Conj/Tloc      #.......     67%         4    #####..


Dungeon Overview and Level Annotations

Branches:
Dungeon (1/15)

Altars:


Innate Abilities, Weirdness & Mutations

Your plain brown scales are hard. (AC +4)
You cannot fit into any form of body armour.
You are cold-blooded and may be slowed by cold attacks.


Message History

The ball python bites you but does no damage.
The ball python constricts you.
You hit the rat.
The rat is moderately wounded.
The kobold barely misses you. The kobold hits you. The rat bites you.
The ball python bites you but does no damage.
* * * LOW HITPOINT WARNING * * *
The ball python constricts you.
You barely miss the rat.
The rat is moderately wounded.
The kobold hits you with a +0 club.
* * * LOW HITPOINT WARNING * * *
The kobold closely misses you. The ball python barely misses you.
The ball python constricts you. The rat bites you but does no damage.
You barely miss the rat.
The rat is moderately wounded.
The ball python closely misses you.
* * * LOW HITPOINT WARNING * * *
The ball python constricts you. The kobold hits you with a +0 club.
You die...

#.≈≈≈≈≈#
.≈≈.≈≈#####
#≈≈≈≈≈≈##.#
#.≈.≈≈.##.#
.≈≈.≈≈.##.#
#≈≈≈≈≈.##.#########
..≈≈≈≈..#.....#...#
.≈≈≈≈≈..#.###.#S..#
..≈≈≈≈........'K@.#
#≈≈≈≈≈≈##.###.#rK.#
#≈≈≈≈....## #.#...#
#.≈≈≈≈≈#. #K#####
##≈≈≈≈.... ..#
≈≈≈≈≈≈.... ...
≈≈≈≈≈≈... .##.
≈≈≈≈≈.≈.. . .


You could see a ball python, 2 kobolds and a rat.

Vanquished Creatures
  2 giant cockroaches (D:1)
  A goblin (D:1)
  2 bats (D:1)
  A kobold (D:1)
  2 rats (D:1)
8 creatures vanquished.

Notes
Turn   | Place    | Note
-------+----------+-------------------------------------------
     0 | D:1      | funkygono the Draconian Conjurer began the quest for the
                  | Orb.
     0 | D:1      | Reached XP level 1. HP: 14/14 MP: 3/3
   148 | D:1      | Reached XP level 2. HP: 14/20 MP: 5/5
   194 | D:1      | Slain by a kobold

Levels and vault maps discovered:
D:1:      lemuel_arrival_broad_hall, layout_basic,
          chequers_serial_rivers_large_a

Skill      XL: |  1 |
---------------+----+-----
Stealth        | 2 |  2.1
Dodging        | |  1.9
Spellcasting   | |  2.1
Conjurations   | |  4.1

Action                   || total
-------------------------++-------
Melee: Unarmed           ||    37
       Tailslap          ||     5
 Cast: Magic Dart        ||     8
Armor: Skin              ||    27
Dodge: Dodged            ||    50

Table legend:
 A = Non-vault XP
 B = Vault XP
 C = Vault XP percentage of total XP
 D = Non-vault monster count
 E = Vault monster count
 F = Vault count percentage of total count
                 A         B        C        D         E       F
            +---------+---------+-------+---------+---------+-------
      Total |      12 |       0 |   0.0 |       8 |       0 |   0.0
            +---------+---------+-------+---------+---------+-------
        D:1 |      12 |       0 |   0.0 |       8 |       0 |   0.0
            +---------+---------+-------+---------+---------+-------
